 Dungeon Crawl Stone Soup version 0.28.0-47-ge53b351184 (webtiles) character file.

Game seed: 7719874198891198561

23184 urbino23 the Geomancer (level 13, -5/78 HPs)
             Began as a Gargoyle Earth Elementalist on May 6, 2022.
             Was a Believer of Vehumet.
             Slain by a cane toad (13 damage)
             ... on level 2 of the Lair of Beasts.
             The game lasted 01:39:33 (21770 turns).

urbino23 the Geomancer (GrEE)                      Turns: 21770, Time: 01:39:34

Health: -5/78      AC: 18    Str: 13    XL:     13   Next: 5%
Magic:  2/23       EV: 14    Int: 23    God:    Vehumet [**....]
Gold:   549        SH:  0    Dex: 10    Spells: 9/26 levels left

rFire   . . .      SeeInvis +   z - staff of earth
rCold   + . .      Faith    .   (no shield)
rNeg    + . .      Spirit   .   y - +0 steam dragon scales
rPois   ∞          Reflect  .   o - +2 helmet {Int+3}
rElec   +          Harm     .   (no cloak)
rCorr   .          Rampage  .   l - +0 pair of gloves
Will    .....                   (no boots)
Stlth   ++........              u - amulet of the acrobat
HPRegen 0.23/turn               e - ring of see invisible
MPRegen 0.18/turn               R - ring of protection from cold

@: hasted, very quick
A: sickness immunity, AC +9, negative energy resistance 1, electricity
resistance, torment resistance 1, petrification resistance
a: Renounce Religion


You were on level 2 of the Lair of Beasts.
You worshipped Vehumet.
Vehumet was pleased with you.
You visited 3 branches of the dungeon, and saw 13 of its levels.
You also visited: Ice Cave.

You collected 796 gold pieces.
You spent 247 gold pieces at shops.

Inventory:

Hand Weapons
 f - a +1 rapier
 x - a +0 arbalest
Missiles
 c - 54 stones
 j - 119 bolts
 q - 116 arrows
 C - 11 poisoned darts
Armour
 l - a +0 pair of gloves (worn)
 o - a +2 helmet of intelligence (worn)
 y - +0 steam dragon scales (worn)
 D - a +0 kite shield
 N - a +0 buckler
Magical Staves
 z - a staff of earth (weapon)
Jewellery
 e - a ring of see invisible (left hand)
 r - a ring of fire
 u - an amulet of the acrobat (around neck)
 G - a ring of ice
 K - an amulet of faith
 R - a ring of protection from cold (right hand)
Wands
 m - a wand of digging (8)
 n - a wand of charming (4)
 p - a wand of paralysis (23)
 t - a wand of flame (7)
 A - a wand of acid (3)
 I - a wand of iceblast (3)
 M - a wand of mindburst (4)
Scrolls
 b - a scroll of holy word {unknown}
 g - 3 scrolls of silence
 k - a scroll of teleportation
 v - a scroll of noise {unknown}
 w - 2 scrolls of enchant weapon
 B - 2 scrolls of immolation {unknown}
 J - a scroll of blinking
 O - a scroll of enchant armour {unknown}
 P - a scroll of fog {unknown}
Potions
 a - 2 potions of cancellation
 d - a potion of might {unknown}
 h - a potion of brilliance
 i - a potion of magic {unknown}
 s - a potion of curing
 F - 2 potions of lignification
 L - a potion of haste
Miscellaneous
 Q - a piece from Xom's chessboard (15/15)


   Skills:
 - Level 8.0 Fighting
 - Level 5.0 Staves
 - Level 7.0 Dodging
 - Level 2.1 Stealth
 + Level 7.2 Spellcasting
 - Level 7.0 Conjurations
 - Level 5.0 Hexes
 - Level 7.0 Transmutations
 + Level 7.8 Fire Magic
 - Level 2.0 Air Magic
 - Level 9.0 Earth Magic
 - Level 3.0 Poison Magic


You had 9 spell levels left.
You knew the following spells:

 Your Spells              Type           Power      Damage    Failure   Level
a - Stone Arrow           Conj/Erth      100%       3d13      1%          3
b - Static Discharge      Conj/Air       29%        N/A       1%          2
c - Petrify               Tmut/Erth      61%        N/A       2%          4
d - Slow                  Hex            100%       N/A       1%          1
e - Sticky Flame          Conj/Fire      42%        2d6       3%          4
f - Sandblast             Erth           100%       2d20      1%          1
g - Poisonous Vapours     Pois/Air       38%        N/A       4%          2

Your spell library contained the following spells:

 Spells                   Type           Power      Damage    Failure   Level
 Passwall                 Tmut/Erth      50%        N/A       1%          2
 Wereblood                Tmut           40%        N/A       1%          2
 Confusing Touch          Hex            31%        N/A       3%          3
 Apportation              Tloc           16%        N/A       8%          1
 Freeze                   Ice            32%        1d5       8%          1
 Hailstorm                Conj/Ice       24%        3d7       19%         4
 Frozen Ramparts          Ice            16%        1d3       22%         3
 Vampiric Draining        Necr           8%         2d6       22%         3
 Alistair's Intoxication  Tmut/Pois      20%        N/A       26%         5
 Dispel Undead            Necr           8%         3d8       58%         4
 Summon Hydra             Summ           4%         N/A       100%        7
 Sublimation of Blood     Necr           Unusable   N/A       N/A         2

Dungeon Overview and Level Annotations

Branches:
Dungeon (9/15)             Temple (1/1) D:6            Lair (3/6) D:9
 Spider (0/4) Lair:2          Orc (0/2) D:9           IceCv (visited)
  Swamp: Lair:2-4    Shoals: Lair:2-4

Altars:
Ashenzari
Cheibriados
Dithmenos
Elyvilon
Fedhas
Gozag
Hepliaklqana
Kikubaaqudgha
Makhleb
Nemelex Xobeh
Okawaru
Qazlal
Ru
Sif Muna
Uskayaw
Vehumet
Wu Jian
Xom
Yredelemnul
Zin
The Shining One

Shops:
D:8 ?[


Innate Abilities, Weirdness & Mutations

You are immune to sickness and miasma.
Your stone body is resilient. (AC +9)
You are immune to poison.
You resist negative energy. (rN+)
You are resistant to electric shocks. (rElec)
You are resistant to unholy torment.
You are immune to petrification.


Message History

The cane toad misses you.
Casting: Stone Arrow (safe; 1% risk of failure)
Confirm with . or Enter, or press ? or * to list all spells.
Aiming: Stone Arrow (safe; 1% risk of failure)
Press: ? - help, Shift-Dir - straight line, f/p - cane toad
Aim: a cane toad (moderately wounded, 81% to hit)
You feel a strong surge of power!
The stone arrow hits the cane toad!
The cane toad is heavily wounded.
The cane toad stings you.
You hit the cane toad but do no damage.
The cane toad is heavily wounded.
The cane toad stings you. The cane toad stings you!
* * * LOW HITPOINT WARNING * * *
The cane toad misses you.
You feel a little less clever now. The cane toad misses you.
The cane toad closely misses you. The cane toad misses you.
The cane toad closely misses you.
Casting: Stone Arrow (safe; 1% risk of failure)
Confirm with . or Enter, or press ? or * to list all spells.
Aiming: Stone Arrow (safe; 1% risk of failure)
Press: ? - help, Shift-Dir - straight line, f/p - cane toad
Aim: a cane toad (moderately wounded, 81% to hit)
You feel a surge of power!
The stone arrow hits the cane toad.
The cane toad is moderately wounded.
The cane toad stings you.
* * * LOW HITPOINT WARNING * * *
The cane toad barely misses you.
Casting: Stone Arrow (safe; 1% risk of failure)
Confirm with . or Enter, or press ? or * to list all spells.
Aiming: Stone Arrow (safe; 1% risk of failure)
Press: ? - help, Shift-Dir - straight line, f/p - cane toad
Aim: a cane toad (moderately wounded, 81% to hit)
You feel a surge of power!
The stone arrow misses the cane toad.
The cane toad stings you!
* * * LOW HITPOINT WARNING * * *
The cane toad completely misses you.
You feel yourself speed up. The cane toad stings you!
You die...

##P###P.#........########....
#............................
#............................
#............................
#............................
#.....................^......
#............................
#............................
##...........@F...............
#.............................
##............................
#............................
#............................
##................(...........
#P............................
##..........................[.♣
#.......).......<............♣♣


You could see a cane toad.

Vanquished Creatures
  Harold (D:8)
  A hydra (Lair:3)
  Nergalle (Lair:1)
  2 death yaks
  Pikel (D:6)
  An ugly thing (IceCv)
  2 ice statues (IceCv)
  2 black mambas
  3 cane toads
  2 rime drakes (Lair:3)
  2 komodo dragons
  A troll (D:9)
  A tarantella (Lair:2)
  10 blink frogs
  Prince Ribbit (D:6)
  5 slime creatures (D:9)
  6 wyverns
  34 yaks
  2 death yak simulacra (IceCv)
  Eustachio (D:5)
  3 basilisks
  A steam dragon (D:8)
  Menkaure (D:6)
  Edmund (D:6)
  A warg (D:9)
  2 acid dragons (D:8)
  9 water moccasins
  Duvessa (D:5)
  6 orc warriors
  4 black bears
  4 ice beasts
  3 sky beasts
  3 ogres
  A necrophage (D:4)
  3 wolves (D:9)
  A phantom (D:7)
  3 centaurs
  A lemure (D:6)
  Blork the orc (D:6)
  3 bullfrogs
  2 gnoll sergeants
  2 cane toad simulacra (IceCv)
  2 scorpions (D:6)
  Dowan (D:5)
  An elephant simulacrum (IceCv)
  4 electric eels
  2 howler monkeys
  A centaur zombie (D:8)
  2 bullfrog zombies (D:5)
  A lava snake (Lair:2)
  9 hounds
  A jelly (D:6)
  3 orc priests
  A centaur skeleton (D:5)
  Jessica (D:2)
  6 iguanas
  5 orc wizards
  A wolf simulacrum (IceCv)
  A hound zombie (D:5)
  3 howler monkey zombies
  8 gnolls
  4 adders
  A shadow imp (D:7)
  2 white imps (D:7)
  An ufetubus (D:6)
  A dart slug (D:1)
  60 orcs
  8 ball pythons
  8 endoplasms
  4 giant cockroaches
  11 hobgoblins
  3 jackals (D:5)
  A quokka (D:2)
  4 bats
  5 frilled lizards
  3 goblins
  5 kobolds
  8 rats
317 creatures vanquished.

Vanquished Creatures (others)
  5 fungi
  32 plants
37 creatures vanquished.

Grand Total: 354 creatures vanquished

Notes
Turn   | Place    | Note
-------+----------+-------------------------------------------
     0 | D:1      | urbino23 the Gargoyle Earth Elementalist began the quest
                  | for the Orb.
     0 | D:1      | Reached XP level 1. HP: 10/10 MP: 3/3
    48 | D:1      | Found a faded altar of an unknown god.
   216 | D:1      | Reached skill level 4 in Earth Magic
   313 | D:1      | Reached XP level 2. HP: 9/15 MP: 1/5
   691 | D:1      | Reached XP level 3. HP: 19/19 MP: 3/6
  1030 | D:2      | Noticed Jessica
  1035 | D:2      | Killed Jessica
  1038 | D:2      | Reached XP level 4. HP: 24/24 MP: 3/8
  1313 | D:2      | Reached skill level 5 in Earth Magic
  1365 | D:2      | Learned a level 3 spell: Stone Arrow
  1467 | D:2      | Noticed an ogre
  1474 | D:2      | Killed an ogre
  1475 | D:2      | Reached XP level 5. HP: 11/28 MP: 3/10
  2494 | D:3      | Reached XP level 6. HP: 32/32 MP: 10/12
  3238 | D:4      | Noticed a necrophage
  3245 | D:4      | Killed a necrophage
  3989 | D:4      | Reached XP level 7. HP: 36/36 MP: 6/13
  4643 | D:5      | Entered Level 5 of the Dungeon
  4652 | D:5      | Reached skill level 6 in Earth Magic
  4657 | D:5      | Learned a level 4 spell: Petrify
  4785 | D:5      | Reached skill level 1 in Fighting
  4785 | D:5      | Reached skill level 5 in Conjurations
  4785 | D:5      | Reached skill level 1 in Transmutations
  5188 | D:5      | Noticed Eustachio
  5190 | D:5      | Killed Eustachio
  5191 | D:5      | Reached XP level 8. HP: 46/46 MP: 7/14
  5497 | D:5      | Identified the +3 whip of Veev {freeze, *Noise rN+ Will-
                  | Int+4}
  6125 | D:5      | Noticed Duvessa
  6129 | D:5      | Noticed Dowan
  6131 | D:5      | Killed Duvessa
  6134 | D:5      | Killed Dowan
  6201 | D:5      | Reached skill level 5 in Fighting
  6512 | D:6      | Reached XP level 9. HP: 54/54 MP: 6/15
  6589 | D:6      | Noticed Prince Ribbit
  6611 | D:6      | Killed Prince Ribbit
  6612 | D:6      | Reached skill level 5 in Transmutations
  6612 | D:6      | Reached skill level 7 in Earth Magic
  6625 | D:6      | Paralysed by an orc for 4 turns
  6976 | D:6      | Noticed Menkaure
  7089 | D:6      | Reached skill level 8 in Earth Magic
  7165 | D:6      | Killed Menkaure
  7459 | D:6      | Noticed Blork the orc
  7463 | D:6      | Killed Blork the orc
  7652 | D:6      | Reached skill level 9 in Earth Magic
  7684 | D:6      | Found a shadowy altar of Dithmenos.
  7707 | D:6      | Reached skill level 5 in Spellcasting
  7766 | D:6      | Noticed Pikel
  7793 | D:6      | Killed Pikel
  7794 | D:6      | Reached XP level 10. HP: 45/59 MP: 2/18
  8208 | D:6      | Found a staircase to the Ecumenical Temple.
  8208 | D:6      | Noticed Edmund
  8213 | D:6      | Killed Edmund
  8230 | Temple   | Entered the Ecumenical Temple
  8534 | D:7      | Learned a level 1 spell: Slow
  8641 | D:7      | Reached skill level 1 in Hexes
 10096 | D:8      | Found Couneh's Magic Scroll Shoppe.
 10455 | D:8      | Found Cucunyh's Antique Armour Boutique.
 10460 | D:8      | Noticed Harold
 10470 | D:8      | Killed Harold
 10482 | D:8      | Bought a runed helmet for 247 gold pieces
 10814 | D:8      | Found the +8 trident of the Octopus King {venom, rElec
                  | rPois}
 11208 | D:8      | Learned a level 4 spell: Sticky Flame
 11433 | D:9      | Found an iron altar of Okawaru.
 11433 | D:9      | Found a glowing silver altar of Zin.
 11443 | D:9      | Found a sacrificial altar of Ru.
 11472 | D:9      | Found a shimmering blue altar of Sif Muna.
 11472 | D:9      | Found a radiant altar of Vehumet.
 11489 | D:9      | Became a worshipper of Vehumet
 11509 | D:9      | Reached skill level 1 in Fire Magic
 11520 | D:9      | Reached skill level 5 in Hexes
 11520 | D:9      | Reached XP level 11. HP: 60/63 MP: 0/20
 11556 | D:8      | Reached skill level 5 in Dodging
 12114 | D:9      | Found a staircase to the Lair.
 12930 | D:9      | Reached * piety under Vehumet
 12930 | D:9      | Offered knowledge of Shock by Vehumet.
 13508 | D:9      | Found a staircase to the Orcish Mines.
 13997 | Lair:1   | Entered Level 1 of the Lair of Beasts
 13997 | Lair:1   | Noticed Nergalle
 14120 | D:9      | Learned a level 2 spell: Static Discharge
 14131 | Lair:1   | Killed Nergalle
 14132 | Lair:1   | Reached skill level 5 in Fire Magic
 15335 | D:9      | Reached XP level 12. HP: 60/71 MP: 14/22
 15770 | Lair:1   | Offered knowledge of Poisonous Vapours by Vehumet.
 15774 | Lair:1   | Learned a level 2 spell: Poisonous Vapours
 15873 | Lair:1   | You fall into a shaft and drop 1 floor!
 15997 | Lair:1   | Reached ** piety under Vehumet
 16731 | Lair:1   | Reached skill level 1 in Poison Magic
 16818 | Lair:1   | Reached skill level 1 in Air Magic
 17267 | Lair:2   | Found a hole to the Spider Nest.
 17813 | Lair:2   | Reached skill level 1 in Staves
 18240 | Lair:3   | Found a frozen archway.
 18303 | IceCv    | Entered an ice cave
 18769 | IceCv    | Identified the +5 fustibalus "Yroar" {flame, rElec Str+2}
 20354 | Lair:3   | Noticed a four-headed hydra
 20366 | Lair:3   | Killed a four-headed hydra
 21328 | Lair:3   | Noticed a death yak
 21329 | Lair:3   | Noticed a death yak
 21386 | Lair:2   | Killed a death yak
 21387 | Lair:2   | Reached XP level 13. HP: 58/78 MP: 4/23
 21663 | Lair:3   | Reached skill level 5 in Staves
 21770 | Lair:2   | Slain by a cane toad

Illustrated notes

Levels and vault maps discovered:
D:1:      co_arrival_square_in_a_square_in_a_square, layout_basic,
          hellmonk_ecumenical_altar_heavens_door
D:2:      layout_basic, st_stairs_8, kennysheep_jessica_study
D:3:      layout_basic, grunt_decor_cap
D:4:      layout_loops_ring, kennysheep_pointless_box, minivault_27,
          minmay_fountain_box, kennysheep_generic_room_6
D:5:      layout_basic, uniq_eustachio, uniq_duvessa
D:6:      layout_loops_ring, general_overflow_altar, minmay_temple_entry_trees,
          uniq_prince_ribbit1, uniq_edmund, uniq_pikel, uniq_blork_the_orc,
          uniq_menkaure
D:7:      wander_river, layout_basic, minmay_misc_feat_x, minivault_14
D:8:      layout_basic, special_room [special_room_orc], serial_shops, shop,
          kennysheep_windowed_goal, uniq_harold
D:9:      layout_roguey, grunt_temple_overflow_open,
          mainiacjoe_overflow_large_starburst, minmay_lair_entry_grove,
          erik_orc_3
Temple:   regret_index_temple_waves
Lair:1:   layout_long_grid, chequers_serial_rivers_large_a, grunt_megastairs_5,
          uniq_nergalle
Lair:2:   layout_gridlike, spider_nest_entry_rubble, serial_bayou_lagoon_b
Lair:3:   layout_cave_pods, portal_ice_cave_rime, serial_bayou_shore_a

Skill      XL: |  1  2  3  4  5  6  7  8  9 10 11 12 13 |
---------------+----------------------------------------+-----
Earth Magic    | 4 5 6 9 |  9.0
Spellcasting   | 3 4 5 6 7 |  7.2
Conjurations   | 2 3 4 5 7 |  7.0
Fighting       | 3 5 6 8 |  8.0
Transmutations | 2 4 6 7 |  7.0
Dodging        | 4 5 7 |  7.0
Hexes          | 5 |  5.0
Fire Magic     | 1 6 7 |  7.8
Poison Magic   | 3 |  3.0
Air Magic      | 2 |  2.0
Staves         | 4 5 |  5.0
Stealth        | |  2.1

Action                   |  1- 3 |  4- 6 |  7- 9 | 10-12 | 13-15 || total
-------------------------+-------+-------+-------+-------+-------++-------
Melee: Rapier            |    17 |    58 |     1 |       |       ||    76
       Staff             |       |       |    46 |   205 |    24 ||   275
       Punch             |       |       |     1 |     3 |     1 ||     5
 Cast: Sandblast         |    26 |    54 |    53 |   105 |     1 ||   239
       Stone Arrow       |       |     6 |    63 |   349 |    15 ||   433
       Petrify           |       |       |     4 |    37 |       ||    41
       Slow              |       |       |       |     9 |       ||     9
       Static Discharge  |       |       |       |     4 |       ||     4
       Poisonous Vapours |       |       |       |     2 |       ||     2
       Sticky Flame      |       |       |       |     1 |       ||     1
  Use: Scroll            |       |     6 |       |     7 |     3 ||    16
       Potion            |       |       |       |     4 |     4 ||     8
 Stab: Sleeping          |     1 |     1 |     1 |       |       ||     3
       Petrified         |       |       |     1 |    25 |       ||    26
Armor: Robe              |    12 |    52 |    34 |    20 |       ||   118
       Steam dragon scal |       |       |       |   201 |       ||   201
       Skin              |       |       |       |       |    21 ||    21
Dodge: Dodged            |    12 |    50 |    53 |   405 |    10 ||   530
